Map: King's Cove LE

Players

iPlayDefense

  • Race: Terran Terran
  • Spawn Location: 5:00

VOD

Have the link to the VOD?

Description

Time

  • Played on: April 11, 2025, 2:13 p.m.
  • Length: 10:41
Show
View Real Time Build Order
Export as new Build Order

iPlayDefense Terran 

Build Orders:  

Get SALT Encoding   

  12  0:01  SCV  
  13  0:18  SCV  
  14  0:29  Supply Depot  
  14  0:38  Refinery  
  14  0:48  SCV  
  15  1:05  SCV  
  15  1:07  Barracks  
  16  2:21  Orbital Command  
  16  2:23  Barracks Reactor  
  16  2:33  Command Center  
  16  3:20  Marine x2  
  18  3:44  Marine  
  18  3:45  Marine  
  20  4:03  SCV  
  21  4:30  Engineering Bay  
  21  4:36  SCV, Bunker  
  21  4:37  SCV  
  23  4:53  SCV x2  
  25  5:04  Marine x2  
  25  5:08  Supply Depot  
  25  5:09  Terran Infantry Weapons Level 1  
  27  5:10  SCV x2  
  29  5:27  SCV x2  
  29  5:29  Marine x2  
  33  5:40  Supply Depot  
  33  5:44  SCV x2  
  35  5:52  Factory  
  35  6:00  SCV  
  35  6:01  SCV  
  37  6:12  Refinery  
  37  6:17  SCV  
  37  6:18  SCV  
  39  6:32  Marine x2  
  39  6:34  SCV  
  39  6:35  SCV  
  39  6:39  Command Center  
  43  6:53  Factory Reactor  
  43  6:57  Marine  
  44  7:03  SCV, Barracks  
  45  7:16  SCV  
  46  7:20  SCV  
  47  7:33  SCV  
  47  7:35  Marine  
  47  7:38  Widow Mine x2  
  49  7:49  SCV  
  54  8:09  Widow Mine x2  
  54  8:15  Barracks Tech Lab  
  54  8:17  Barracks  
  54  8:19  SCV  
  59  8:35  SCV  
  59  8:38  Widow Mine x2  
  64  8:55  Bunker  
  64  9:08  Widow Mine x2  
  68  9:28  SCV  
  69  9:42  Barracks Tech Lab  
  69  9:49  Barracks  
  69  10:27  Supply Depot  
Tags
 
Matchup
Co-op
Replay Pack
DaveSC2
Add a new tag
Caveats
  • Supply blocks, unpowered buildings, or Contaminate may cause inaccurate times.
  • Supply counts are checked every 10 seconds.